[Event "Titled Tuesday Blitz June 07 Late 2022"]
[White "Barp, Alberto"]
[Black "Gurevich, Dmitry"]
[WhiteFideId "872555"]
[BlackFideId "2000407"]
[WhiteElo "2229"]
[BlackElo "2506"]
[Result "1-0"]
[Round "10"]
[TimeControl "180+1"]
[Date "2022.06.07"]
[WhiteClock "0:00:27"]
[BlackClock "0:00:02"]

1. d4 Nf6 2. c4 a6 3. Nc3 c5 4. dxc5 e6 5. e4 Qc7 6. f4 Bxc5 7. e5 Ng8 8. Nf3 Nh6 9. Ne4 Nf5 10. a3 h5 11. b4 Be7 12. Bd3 b6 13. O-O Bb7 14. Qe2 Nc6 15. Bb2 d6 16. exd6 Nxd6 17. Bxg7 O-O-O 18. Bxh8 Rxh8 19. Neg5 Nf5 20. Bxf5 exf5 21. Nxf7 Rf8 22. N7e5 Bf6 23. Rad1 Re8 24. Rfe1 Bxe5 25. fxe5 Rg8 26. e6 Qg7 27. Rd7 Qg6 28. b5 axb5 29. cxb5 Nd8 30. Rc1+ Kb8 31. e7 Ne6 32. Re1 Ka8 33. g3 f4 34. Qxe6 1-0


[Site "https://www.chess.com"]

[Event "Titled Tuesday Blitz June 07 Late 2022"]
[White "Barria Zuniga, Daniel"]
[Black "Le Goff, Ronan"]
[WhiteFideId "3400816"]
[BlackFideId "612073"]
[WhiteElo "2414"]
[BlackElo "2276"]
[Result "0-1"]
[Round "10"]
[TimeControl "180+1"]
[Date "2022.06.07"]
[WhiteClock "0:00:07"]
[BlackClock "0:00:24"]

1. d4 Nf6 2. c4 c6 3. Nf3 d5 4. Nc3 e6 5. Bg5 Nbd7 6. e3 Be7 7. Qc2 h6 8. Bh4 O-O 9. O-O-O a5 10. Kb1 a4 11. g4 dxc4 12. Bxc4 Nd5 13. Bg3 b5 14. Nxd5 exd5 15. Bd3 a3 16. b3 Bb7 17. h4 c5 18. g5 h5 19. Bxb5 c4 20. Bxd7 Qxd7 21. Ne5 Qe6 22. Ka1 cxb3 23. Qxb3 Ba6 24. Rb1 Bd6 25. Rhc1 Rfb8 26. Qc2 Rc8 27. Qd1 Qf5 28. Qf3 Qxf3 29. Nxf3 Bxg3 30. fxg3 Bd3 31. Rxc8+ Rxc8 32. Re1 Rc2 33. Ne5 Be4 34. Nd7 Rg2 35. Nc5 Rxg3 36. Nxe4 dxe4 37. Kb1 Rg2 38. Rd1 Rb2+ 39. Ka1 Kf8 40. Rc1 Re2 41. Kb1 Rxe3 42. Rc4 Rd3 43. Kc2 Rh3 44. Ra4 Rxh4 45. Rxa3 Rh2+ 46. Kd1 Rg2 47. Re3 Rxa2 48. Rxe4 Rg2 49. Re5 h4 50. Ke1 h3 51. Kf1 Rg4 52. Re3 h2 53. Rh3 Rg1+ 54. Kf2 h1=Q 55. Rxh1 Rxh1 0-1


[Site "https://www.chess.com"]

[Event "Titled Tuesday Blitz June 07 Late 2022"]
[White "Bas Mas, Jose Joaquin"]
[Black "Gascon Del Nogal, Jose Rafael"]
[WhiteFideId "22219064"]
[BlackFideId "3902463"]
[WhiteElo "2233"]
[BlackElo "2473"]
[Result "1-0"]
[Round "10"]
[TimeControl "180+1"]
[Date "2022.06.07"]
[WhiteClock "0:00:08"]
[BlackClock "0:00:09"]

1. e4 c5 2. Nc3 Nc6 3. Bb5 Nd4 4. Nf3 Nxb5 5. Nxb5 d6 6. O-O Nf6 7. Nc3 e5 8. d3 h6 9. h3 g6 10. a4 Bg7 11. a5 O-O 12. Be3 Nh5 13. Nd2 Be6 14. Nc4 Nf4 15. Qf3 g5 16. Rad1 Qd7 17. Kh2 Rab8 18. Nd5 Bxd5 19. exd5 b5 20. axb6 axb6 21. Ra1 b5 22. Na5 f5 23. Nc6 Rb7 24. Bxf4 gxf4 25. Ra6 Qf7 26. Rfa1 Re8 27. Ra7 e4 28. Qe2 f3 29. Qf1 Rxa7 30. Rxa7 Qh5 31. gxf3 exf3 32. Qg1 Qg5 33. Qxg5 hxg5 34. Kg3 Bxb2 35. Kxf3 Bf6 36. Rd7 b4 37. Rxd6 Kf7 38. Rd7+ Kg6 39. d6 Rh8 40. Rb7 Rxh3+ 41. Ke2 Rh8 42. d7 f4 43. Rb8 Rxb8 44. Nxb8 Kf7 45. Nc6 g4 46. d8=Q Bxd8 47. Nxd8+ Ke7 48. Nb7 g3 49. fxg3 fxg3 50. Kf3 c4 51. dxc4 Kd7 52. Na5 Kd6 53. Nb3 Ke5 54. Kxg3 Kd6 55. Kf3 Kc6 56. Ke3 Kb6 57. Kd4 Kc6 58. c5 Kb5 59. Kd5 Ka4 60. c6 Ka3 61. c7 Kb2 62. c8=Q Ka2 63. Nd4 Kb2 64. Qa6 Kc3 65. Qa4 Kb2 66. Qxb4+ Kc1 67. c4 Kd1 68. Qb2 Ke1 69. Qe2# 1-0


[Site "https://www.chess.com"]

[Event "Titled Tuesday Blitz June 07 Late 2022"]
[White "Bjelobrk, Igor"]
[Black "Shimanov, Aleksandr"]
[WhiteFideId "4300726"]
[BlackFideId "4198603"]
[WhiteElo "2335"]
[BlackElo "2605"]
[Result "0-1"]
[Round "10"]
[TimeControl "180+1"]
[Date "2022.06.07"]
[WhiteClock "0:00:03"]
[BlackClock "0:00:49"]

1. Nf3 d5 2. c4 e6 3. g3 Nd7 4. d4 Ngf6 5. Bg2 dxc4 6. Qc2 b5 7. Ne5 Nxe5 8. dxe5 Nd5 9. a4 Bb7 10. O-O a6 11. Rd1 Qc8 12. axb5 axb5 13. Rxa8 Qxa8 14. b3 cxb3 15. Qxb3 Qa4 16. Qxa4 bxa4 17. Rd4 Bc5 18. Rxa4 Kd7 19. Rc4 Bb6 20. e4 Ne7 21. Nc3 Ra8 22. Bb2 Bc6 23. Rb4 Bc5 24. Rb3 Bd4 25. Bf1 Bxe5 26. Bd3 Nc8 27. Kf1 Nd6 28. f3 Nb7 29. Bc4 Nc5 30. Rb4 Bd6 31. Ne2 Nxe4 0-1


[Site "https://www.chess.com"]

[Event "Titled Tuesday Blitz June 07 Late 2022"]
[White "Bortnyk, Olexandr"]
[Black "Abarca Gonzalez, Nicolas"]
[WhiteFideId "14120828"]
[BlackFideId "3409422"]
[WhiteElo "2723"]
[BlackElo "2504"]
[Result "1/2-1/2"]
[Round "10"]
[TimeControl "180+1"]
[Date "2022.06.07"]
[WhiteClock "0:00:06"]
[BlackClock "0:00:10"]

1. d4 Nf6 2. Nc3 d5 3. Bf4 a6 4. e3 Bf5 5. Nf3 e6 6. Ne5 c5 7. g4 Bg6 8. h4 cxd4 9. exd4 Ne4 10. h5 Nxc3 11. bxc3 Be4 12. f3 f6 13. fxe4 fxe5 14. Bxe5 Nc6 15. Bg3 Qa5 16. Qd2 Rc8 17. Rb1 Be7 18. exd5 Bg5 19. Qxg5 Qxc3+ 20. Kf2 O-O+ 21. Kg2 Qf3+ 22. Kh2 Nxd4 23. Bg2 Rxc2 24. Rhg1 Qe4 25. Rb3 h6 26. Qg6 Qxg6 27. hxg6 Nxb3 28. axb3 exd5 29. Rd1 Rd8 30. Rd4 b5 31. Kh3 Rc3 32. Kh4 Rc5 33. b4 Rc1 34. Rxd5 Rxd5 35. Bxd5+ Kh8 36. Bb7 Rb1 37. Bd6 Re1 38. Bc5 Re6 39. Kh5 Re5+ 40. Kh4 Re6 41. Kg3 Rxg6 42. Kf4 Rf6+ 43. Ke5 Kh7 44. Be7 Rb6 45. Be4+ Kg8 46. Bd8 Rb8 47. Bd5+ Kf8 48. Bc7 Re8+ 49. Kd4 Re1 50. Bb7 Rd1+ 51. Kc5 Rc1+ 52. Kb6 Rc4 53. Bxa6 Ke7 54. Kxb5 Rxc7 55. Kb6 Rd7 56. b5 Rd4 57. Bc8 Kd8 58. Bf5 Rb4 59. Kc6 Rc4+ 60. Kd6 Rb4 61. Kc5 Rb2 62. b6 Ke7 63. Kc6 Kf6 64. Bd3 g6 65. Bb5 Rc2+ 66. Kd7 Rd2+ 67. Kc7 Rc2+ 68. Bc6 Rb2 69. b7 Rxb7+ 70. Kxb7 h5 71. Bf3 hxg4 72. Bxg4 Ke5 73. Kc6 Kf4 74. Bd7 g5 75. Kd6 g4 76. Bxg4 1/2-1/2


[Site "https://www.chess.com"]

[Event "Titled Tuesday Blitz June 07 Late 2022"]
[White "De Souza, Regis Gabetta"]
[Black "Jegorovas, Aleksandras"]
[WhiteFideId "22756930"]
[BlackFideId "12801950"]
[WhiteElo "1926"]
[BlackElo "2247"]
[Result "0-1"]
[Round "10"]
[TimeControl "180+1"]
[Date "2022.06.07"]
[WhiteClock "0:00:03"]
[BlackClock "0:00:43"]

1. d4 Nf6 2. Nf3 e6 3. b3 c5 4. e3 b6 5. Bb2 Bb7 6. Nbd2 Be7 7. c4 O-O 8. Be2 cxd4 9. exd4 d6 10. O-O Nbd7 11. h3 Re8 12. Bd3 Bf8 13. Qe2 g6 14. Rad1 Bg7 15. Qe3 Qc7 16. Qf4 e5 17. dxe5 dxe5 18. Qh4 e4 19. Nxe4 Bxe4 20. Bxe4 Rxe4 21. Qg5 Re2 22. Bc3 h6 23. Qc1 Rxa2 24. Rfe1 Nc5 25. Be5 Qb7 26. b4 Ne6 27. Qc3 Ne4 28. Qe3 Nxf2 29. Ra1 Rxa1 30. Bxa1 Bxa1 31. Rxa1 Nxh3+ 32. gxh3 Rc8 33. Rc1 Qe7 34. b5 Qf6 35. Kh2 Rc5 36. Qe4 Ng5 37. Nxg5 Qf2+ 38. Qg2 Qf4+ 39. Qg3 Qxc1 40. Nf3 Qc2+ 41. Kh1 Qxc4 42. Qb8+ Rc8 43. Qe5 Qf1+ 44. Ng1 Qf5 45. Qe3 Qd5+ 46. Nf3 Rd8 47. Kg2 Qxb5 48. Qxh6 Qc6 49. Kg3 Rd3 0-1


[Site "https://www.chess.com"]

[Event "Titled Tuesday Blitz June 07 Late 2022"]
[White "Domingo Nunez, Ruben"]
[Black "Chigaev, Maksim"]
[WhiteFideId "22245570"]
[BlackFideId "4108116"]
[WhiteElo "2376"]
[BlackElo "2457"]
[Result "0-1"]
[Round "10"]
[TimeControl "180+1"]
[Date "2022.06.07"]
[WhiteClock "0:00:01"]
[BlackClock "0:00:41"]

1. Nf3 Nf6 2. c4 g6 3. g3 Bg7 4. Bg2 O-O 5. O-O c5 6. Nc3 Nc6 7. d3 b6 8. Rb1 Bb7 9. a3 d6 10. b4 Qd7 11. Bd2 e6 12. Qc1 Rfe8 13. Bh6 Rad8 14. Rd1 Nd4 15. Nxd4 cxd4 16. Bxg7 Kxg7 17. Ne4 Bxe4 18. Bxe4 e5 19. Bf3 Rc8 20. Qd2 h5 21. Qg5 b5 22. Rbc1 bxc4 23. dxc4 Qa4 24. c5 dxc5 25. bxc5 Rxc5 26. Bb7 Re7 27. Ba8 Rec7 28. Rb1 Qxa3 29. e3 dxe3 30. fxe3 Ng4 31. Re1 Qa2 32. Bg2 Qf2+ 33. Kh1 Rc2 34. Rg1 Qxe3 35. Qd8 Nf2# 0-1


[Site "https://www.chess.com"]

[Event "Titled Tuesday Blitz June 07 Late 2022"]
[White "Dounis, Alexandros"]
[Black "Moroni, Luca Jr"]
[WhiteFideId "4213238"]
[BlackFideId "865834"]
[WhiteElo "2204"]
[BlackElo "2573"]
[Result "0-1"]
[Round "10"]
[TimeControl "180+1"]
[Date "2022.06.07"]
[WhiteClock "0:00:07"]
[BlackClock "0:00:04"]

1. Nf3 d6 2. d4 g6 3. g3 Bg7 4. Bg2 Bd7 5. e4 Qc8 6. h4 c5 7. c3 Bg4 8. Be3 Nf6 9. Nbd2 O-O 10. O-O cxd4 11. cxd4 Nc6 12. Qa4 Bh3 13. Rfc1 Bxg2 14. Kxg2 Qg4 15. d5 Nxd5 16. Bg5 Nb6 17. Qb3 Rac8 18. a4 Rc7 19. Qb5 Rfc8 20. a5 Nd7 21. a6 b6 22. Ra4 Nce5 23. Rxc7 Rxc7 24. Bxe7 Bf8 25. Bxf8 Kxf8 26. Qd5 Qe6 27. Qd4 Rc2 28. Ng5 Qe7 29. Ndf3 Kg7 30. Ra3 h6 31. Nxe5 dxe5 32. Qd3 Qc5 33. Nh3 Nf6 34. Rc3 Rxc3 35. bxc3 Qc6 36. f3 b5 37. Nf2 Qxa6 38. g4 Qc6 39. g5 hxg5 40. hxg5 Nh5 41. Qd8 Nf4+ 42. Kg3 Ne2+ 43. Kg2 Nf4+ 44. Kg3 Qb6 45. Ng4 Qg1+ 46. Kh4 Qh1+ 47. Kg3 Qg2+ 48. Kh4 Qh3# 0-1


[Site "https://www.chess.com"]

[Event "Titled Tuesday Blitz June 07 Late 2022"]
[White "Florescu, Codrut-Constantin"]
[Black "Wachinger, Guenther"]
[WhiteFideId "1202200"]
[BlackFideId "4604261"]
[WhiteElo "2191"]
[BlackElo "2212"]
[Result "1/2-1/2"]
[Round "10"]
[TimeControl "180+1"]
[Date "2022.06.07"]
[WhiteClock "0:00:56"]
[BlackClock "0:00:07"]

1. d4 d5 2. Nf3 e6 3. c4 c6 4. e3 Bd6 5. Nc3 Nd7 6. Qc2 f5 7. h3 Ngf6 8. g4 g6 9. Rg1 Ne4 10. gxf5 gxf5 11. Nxe4 fxe4 12. Ng5 Nf6 13. Bd2 h6 14. O-O-O hxg5 15. Rxg5 Bd7 16. Be2 Qe7 17. Rdg1 O-O-O 18. Rg7 Qf8 19. c5 Bc7 20. Qa4 Kb8 21. Ba5 Bxa5 22. Qxa5 Rg8 23. Rxg8 Nxg8 24. b4 Rc8 25. Rg2 Qh6 26. Kd2 Qxh3 27. Rg7 Nf6 28. b5 cxb5 29. Bxb5 Qh2 30. Bxd7 Qxf2+ 31. Kd1 Nxd7 32. Rxd7 Qxe3 33. Qb4 Qd3+ 34. Kc1 Qa6 35. a4 e3 36. Qb5 Qxb5 37. axb5 e5 38. Rxd5 exd4 39. Kd1 d3 40. Rxd3 Rxc5 41. Rb3 b6 42. Ke2 Re5 43. Rb1 Kc7 44. Rc1+ Kd7 45. Ra1 Kd6 46. Rxa7 Kc5 47. Ra1 Kxb5 48. Rb1+ Kc6 49. Rc1+ Kb5 50. Rb1+ Kc5 51. Rc1+ Kb4 52. Rb1+ Ka5 53. Ra1+ Kb5 54. Rb1+ 1/2-1/2


[Site "https://www.chess.com"]

[Event "Titled Tuesday Blitz June 07 Late 2022"]
[White "Girsh, Daniel"]
[Black "Zhurbinsky, David"]
[WhiteFideId "30949190"]
[BlackFideId "2072904"]
[WhiteElo "2374"]
[BlackElo "2561"]
[Result "0-1"]
[Round "10"]
[TimeControl "180+1"]
[Date "2022.06.07"]
[WhiteClock "0:00:02"]
[BlackClock "0:00:05"]

1. d4 Nf6 2. c4 e6 3. g3 d5 4. Bg2 Be7 5. Nf3 O-O 6. O-O Re8 7. Qc2 a6 8. Nbd2 dxc4 9. Nxc4 b5 10. Nfe5 Ra7 11. Na5 Bd7 12. Bd2 Bd6 13. Nd3 Qe7 14. b4 Nd5 15. a3 Nb6 16. Rac1 Bc8 17. e4 c6 18. Nxc6 Nxc6 19. Qxc6 Nc4 20. e5 Bb8 21. Bg5 Qf8 22. Rc3 Rc7 23. Qe4 Bb7 24. Qe2 Bxg2 25. Kxg2 Ba7 26. Nc5 a5 27. Qe4 h6 28. Be3 Rd8 29. Rb1 a4 30. Rbc1 Rd5 31. Qg4 Kh8 32. h4 Rc8 33. Bf4 Rxd4 34. Rf3 Nxe5 35. Bxe5 Rxg4 36. Nxe6 Qg8 37. Rxc8 Qxc8 38. Nxg7 Rxg7 39. Rxf7 Qc6+ 40. Kh2 Qg6 41. Rxa7 Qe4 0-1


[Site "https://www.chess.com"]

[Event "Titled Tuesday Blitz June 07 Late 2022"]
[White "Harsh Suresh"]
[Black "Wieczorek, Oskar"]
[WhiteFideId "45018464"]
[BlackFideId "1133950"]
[WhiteElo "2059"]
[BlackElo "2330"]
[Result "1-0"]
[Round "10"]
[TimeControl "180+1"]
[Date "2022.06.07"]
[WhiteClock "0:00:16"]
[BlackClock "0:00:41"]

1. e4 c5 2. Nc3 e6 3. Nge2 Nf6 4. g3 b5 5. e5 Bb7 6. Rg1 Ng4 7. Bg2 Bxg2 8. Rxg2 Nxe5 9. Nxb5 Qb6 10. Nbc3 Qb7 11. Kf1 Nbc6 12. b3 Nf3 13. Bb2 Nce5 14. h3 Rc8 15. d3 Be7 16. Ne4 f5 17. Nd2 O-O 18. Nxf3 Nxf3 19. c4 Bg5 20. h4 Bh6 21. Bc1 Bxc1 22. Qxc1 d5 23. Qe3 d4 24. Qxe6+ Kh8 25. Qd5 Qxd5 26. cxd5 Rfd8 27. Nf4 Re8 28. Ne6 h5 29. Ke2 Ne5 30. f4 Ng4 31. Kf3 Ne3 32. Re2 Nxd5 33. Re5 Ne3 34. Rc1 Kg8 35. Rcxc5 Rxc5 36. Nxc5 Rc8 37. b4 a5 38. bxa5 Rb8 39. a6 Rb1 40. a7 1-0


[Site "https://www.chess.com"]

[Event "Titled Tuesday Blitz June 07 Late 2022"]
[White "Ibarra Jerez, Jose Carlos"]
[Black "Rohl Montes, Juan Armando"]
[WhiteFideId "2226332"]
[BlackFideId "3900487"]
[WhiteElo "2628"]
[BlackElo "2359"]
[Result "1-0"]
[Round "10"]
[TimeControl "180+1"]
[Date "2022.06.07"]
[WhiteClock "0:00:17"]
[BlackClock "0:00:01"]

1. Nf3 Nf6 2. g3 g6 3. b3 Bg7 4. Bb2 O-O 5. Bg2 c5 6. c4 Nc6 7. O-O d5 8. cxd5 Qxd5 9. Ne5 Qxe5 10. Bxe5 Nxe5 11. Nc3 Rb8 12. d4 cxd4 13. Qxd4 Nc6 14. Bxc6 bxc6 15. Qxa7 Bh3 16. Qxe7 Rfe8 17. Qc5 Nd5 18. Nxd5 cxd5 19. e3 d4 20. exd4 Rbc8 21. Qb4 Re4 22. Rac1 Rd8 23. Rfd1 Bxd4 24. Qa5 Rde8 25. Rc4 R4e5 26. Qb4 Ba7 27. Rh4 Bf5 28. Rhd4 Bxd4 29. Qxd4 Bh3 30. Qc3 Re2 31. a4 Bg4 32. Rc1 Bh3 33. a5 Ra2 34. b4 Ree2 35. Rd1 f6 36. Qxf6 1-0


[Site "https://www.chess.com"]

[Event "Titled Tuesday Blitz June 07 Late 2022"]
[White "Jobava, Baadur"]
[Black "Hansen, Eric"]
[WhiteFideId "13601520"]
[BlackFideId "2606771"]
[WhiteElo "2617"]
[BlackElo "2568"]
[Result "0-1"]
[Round "10"]
[TimeControl "180+1"]
[Date "2022.06.07"]
[WhiteClock "0:00:45"]
[BlackClock "0:00:06"]

1. b3 e5 2. Bb2 Nc6 3. Nf3 e4 4. Nd4 Nf6 5. e3 Bc5 6. Nf5 O-O 7. g4 d5 8. g5 Bxf5 9. gxf6 g6 10. h4 d4 11. Na3 a6 12. h5 Qxf6 13. Bg2 Qg5 14. Kf1 Rad8 15. Qe1 Rfe8 16. hxg6 fxg6 17. Qe2 b5 18. Nxb5 d3 19. cxd3 Bg4 20. Qe1 axb5 21. Rc1 Nb4 22. Bxe4 Rxe4 23. dxe4 Nd3 24. f4 Nxf4 25. Qg3 Be2+ 26. Kf2 Nd3+ 27. Kg2 Qxg3+ 28. Kxg3 Nxc1 29. Rxc1 Bb6 30. d4 Rf8 31. Re1 Bd3 32. e5 Be4 33. Ba3 Rf3+ 34. Kg4 h6 35. e6 Rf6 36. e7 Kf7 37. Rc1 c6 38. Bc5 Bxc5 39. Rxc5 Kxe7 40. a4 bxa4 41. bxa4 Rf5 42. Rc1 h5+ 43. Kh4 Ra5 44. Ra1 Kf6 45. Kg3 g5 0-1


[Site "https://www.chess.com"]

[Event "Titled Tuesday Blitz June 07 Late 2022"]
[White "Korchmar, Vasiliy"]
[Black "Holt, Conrad"]
[WhiteFideId "24131750"]
[BlackFideId "2034387"]
[WhiteElo "2370"]
[BlackElo "2586"]
[Result "0-1"]
[Round "10"]
[TimeControl "180+1"]
[Date "2022.06.07"]
[WhiteClock "0:00:03"]
[BlackClock "0:00:19"]

1. e4 e6 2. d4 d5 3. e5 c5 4. c3 Nc6 5. Nf3 Bd7 6. Be2 Qb6 7. O-O a5 8. Na3 cxd4 9. cxd4 Bxa3 10. bxa3 Nge7 11. Be3 Nf5 12. Rb1 Qa7 13. Bd3 O-O 14. Bxf5 exf5 15. Qb3 f4 16. Bxf4 Nxd4 17. Nxd4 Qxd4 18. Qg3 b5 19. Rbd1 Qc4 20. Rc1 Qe4 21. Rfd1 Be6 22. Bh6 Qg6 23. Qxg6 hxg6 24. Bd2 d4 25. Bg5 f6 26. exf6 gxf6 27. Bh4 g5 28. Bg3 Rfd8 29. Rc6 Bxa2 30. Rxf6 d3 31. Rg6+ Kf7 32. Rxg5 Bb3 33. Rd2 b4 34. axb4 a4 35. Be5 Rac8 36. h4 Rc2 37. Rxc2 dxc2 38. Bb2 Rd1+ 39. Kh2 Rb1 40. Ba3 Ra1 41. Bb2 a3 42. Bxa1 c1=Q 43. Be5 Qd2 44. f4 Qxb4 45. h5 Bc2 46. h6 Ke6 47. Rg7 Qe1 0-1


[Site "https://www.chess.com"]

[Event "Titled Tuesday Blitz June 07 Late 2022"]
[White "Larino Nieto, David"]
[Black "Ozdemir, Serhan Berat"]
[WhiteFideId "2256444"]
[BlackFideId "6374611"]
[WhiteElo "2532"]
[BlackElo "1920"]
[Result "1/2-1/2"]
[Round "10"]
[TimeControl "180+1"]
[Date "2022.06.07"]
[WhiteClock "0:00:45"]
[BlackClock "0:00:39"]

1. e4 c5 2. Nc3 e6 3. g3 d5 4. Bg2 dxe4 5. Nxe4 Be7 6. d3 Nf6 7. Ne2 O-O 8. Ng5 Nc6 9. h4 Qd7 10. Nf4 b6 11. Nh5 Bb7 12. Nxf6+ Bxf6 13. Be4 g6 14. Nxh7 Kxh7 15. h5 Kg8 16. Qf3 Bg7 17. h6 Nd4 18. Qf4 Bxe4 19. dxe4 Be5 20. h7+ Kh8 1/2-1/2


[Site "https://www.chess.com"]

[Event "Titled Tuesday Blitz June 07 Late 2022"]
[White "Leiva, Gianmarco"]
[Black "Bringas Gomez, Artai"]
[WhiteFideId "3804399"]
[BlackFideId "24534064"]
[WhiteElo "2323"]
[BlackElo "1988"]
[Result "1/2-1/2"]
[Round "10"]
[TimeControl "180+1"]
[Date "2022.06.07"]
[WhiteClock "0:00:22"]
[BlackClock "0:00:20"]

1. e4 c6 2. d4 d5 3. e5 c5 4. dxc5 e6 5. Bd3 Nd7 6. b4 Nxe5 7. Bb5+ Bd7 8. Bxd7+ Qxd7 9. Nd2 a5 10. Bb2 Nc6 11. b5 Na7 12. a4 Nf6 13. Bxf6 gxf6 14. Nb3 Rg8 15. Ne2 Rc8 16. c4 dxc4 17. Qxd7+ Kxd7 18. Nxa5 Bxc5 19. O-O b6 20. Nxc4 Ke7 21. Rac1 Rg4 22. h3 Re4 23. Ng3 Rxc4 24. Rxc4 Bxf2+ 25. Rxf2 Rxc4 26. Ra2 Kd6 27. Kf2 Kc5 28. Nh5 Kb4 29. g4 Kb3 30. Ra1 Kb2 31. a5 Kxa1 32. axb6 Nc6 33. bxc6 Rxc6 34. Nxf6 Rxb6 35. Nxh7 Rb3 36. h4 Rh3 37. h5 f5 38. Ng5 Rh4 39. gxf5 exf5 40. Kf3 Kb2 41. h6 Rxh6 42. Kf4 Rf6 43. Ke5 Rf8 44. Ne6 Rf7 45. Kf4 Kc3 46. Ng5 Rf8 47. Nh7 Rh8 48. Ng5 Ra8 49. Kxf5 Ra5+ 50. Kf4 Kd3 51. Nf3 Ra4+ 52. Kf5 Ke3 53. Ne5 Ra5 54. Ke6 Ke4 55. Nc4 Ra6+ 56. Nd6+ Kd4 57. Kd7 Kd5 58. Nb5 Rb6 59. Nc7+ Ke5 60. Ne8 Rg6 61. Nc7 Kd4 62. Ne6+ Ke5 63. Nc7 Rg7+ 64. Kc6 Rg6+ 65. Kd7 1/2-1/2


[Site "https://www.chess.com"]

[Event "Titled Tuesday Blitz June 07 Late 2022"]
[White "Maksimovic, Bojan"]
[Black "Hosseinzadeh, Nima"]
[WhiteFideId "14408120"]
[BlackFideId "12505323"]
[WhiteElo "2453"]
[BlackElo "2066"]
[Result "1-0"]
[Round "10"]
[TimeControl "180+1"]
[Date "2022.06.07"]
[WhiteClock "0:01:07"]
[BlackClock "0:00:02"]

1. Nf3 Nf6 2. g3 b5 3. Bg2 Bb7 4. O-O e6 5. d3 c5 6. Nbd2 Be7 7. e4 d6 8. Re1 Nc6 9. h4 O-O 10. e5 Nxe5 11. Nxe5 Bxg2 12. Nxf7 Rxf7 13. Kxg2 e5 14. Ne4 Qd7 15. Ng5 Rff8 16. a4 b4 17. b3 h6 18. Ne4 Rf7 19. Rf1 Raf8 20. Qe2 Nd5 21. Bd2 Qe6 22. Rh1 Qg6 23. h5 Qf5 24. Raf1 Nc7 25. g4 Qd7 26. f3 Ne6 27. Be3 d5 28. Ng3 Bg5 29. Bxg5 hxg5 30. Qxe5 Re8 31. Kh2 Qd8 32. Re1 Rxf3 33. Nf5 Rf2+ 34. Kg3 Rg2+ 35. Kxg2 Nf4+ 36. Kg3 Rxe5 37. Rxe5 Qf6 38. Rhe1 Kh7 39. Re7 Nxh5+ 40. Kh2 Qc3 41. R1e2 Qf6 42. Rf2 Nf4 43. Rxg7+ Kh8 44. Kg3 Nh5+ 45. gxh5 Qe5+ 46. Kg4 1-0


[Site "https://www.chess.com"]

[Event "Titled Tuesday Blitz June 07 Late 2022"]
[White "Maltsevskaya, Aleksandra"]
[Black "Bernal Moro, Luis Javier"]
[WhiteFideId "24174041"]
[BlackFideId "2200236"]
[WhiteElo "2243"]
[BlackElo "2373"]
[Result "0-1"]
[Round "10"]
[TimeControl "180+1"]
[Date "2022.06.07"]
[WhiteClock "0:00:03"]
[BlackClock "0:00:12"]

1. e4 c5 2. Nf3 e6 3. d4 cxd4 4. Nxd4 Nc6 5. Nc3 a6 6. f4 Qc7 7. Nxc6 Qxc6 8. Bd3 b5 9. Qe2 Bb7 10. Bd2 Bc5 11. O-O-O Ne7 12. Qh5 g6 13. Qg5 O-O-O 14. Kb1 f5 15. Rhe1 h6 16. Qg3 Kb8 17. a3 Rc8 18. Na2 Qc7 19. Bb4 Bxb4 20. Nxb4 a5 21. Na2 fxe4 22. Bxb5 Qxc2+ 23. Ka1 Bd5 24. Bxd7 Rcd8 25. f5+ Qc7 26. fxe6 Qxg3 27. hxg3 Rhf8 28. Nc3 Bb3 29. Rc1 Rf2 30. Nxe4 Rxg2 31. Nc5 Bd5 32. Red1 Rxg3 33. Rd4 Rh3 34. Ra4 Rh1 35. Rxh1 Bxh1 36. Rxa5 g5 37. Rb5+ Kc7 38. Na6+ Kd6 39. Rb6+ Ke5 40. Nb4 Be4 41. a4 Rf8 42. Ka2 g4 43. Rb5+ Kd4 44. a5 g3 45. Nc2+ Bxc2 46. Rb4+ Ke3 47. Rg4 Kf2 48. Rg7 g2 49. Rxe7 g1=Q 50. Rf7+ Rxf7 51. exf7 Qg7 52. Be6 Bg6 53. f8=Q+ Qxf8 54. a6 Qa8 55. Bc4 Be4 56. b4 Qa7 57. b5 Ke3 58. Kb3 Kd4 59. Be2 Qb6 60. Kb4 Bd5 61. Ka4 Kc5 62. Bd3 Bc4 63. Bxc4 Kxc4 64. a7 Qxa7# 0-1


[Site "https://www.chess.com"]

[Event "Titled Tuesday Blitz June 07 Late 2022"]
[White "Matlakov, Maxim"]
[Black "Dubov, Daniil"]
[WhiteFideId "4168003"]
[BlackFideId "24126055"]
[WhiteElo "2669"]
[BlackElo "2791"]
[Result "0-1"]
[Round "10"]
[TimeControl "180+1"]
[Date "2022.06.07"]
[WhiteClock "0:00:01"]
[BlackClock "0:00:14"]

1. b3 e5 2. Bb2 f6 3. c4 Nc6 4. e3 Nge7 5. Nc3 d5 6. cxd5 Nxd5 7. Bc4 Nb6 8. Be2 Bf5 9. a3 Qd7 10. d3 O-O-O 11. Ne4 Qf7 12. Qc2 Be6 13. Nd2 g5 14. b4 h5 15. Ngf3 g4 16. Nh4 Be7 17. O-O a6 18. g3 f5 19. Nc4 Nxc4 20. dxc4 Bxh4 21. gxh4 Qf6 22. b5 Nb8 23. c5 axb5 24. Bxb5 Bd5 25. Rfd1 Bf3 26. Rxd8+ Rxd8 27. Qc3 Nc6 28. a4 Qxh4 29. a5 Bd5 30. a6 g3 31. axb7+ Kxb7 32. Bxc6+ Kxc6 33. Ra6+ Kb7 34. c6+ Kxa6 0-1


[Site "https://www.chess.com"]

[Event "Titled Tuesday Blitz June 07 Late 2022"]
[White "Moussard, Jules"]
[Black "Terry, Renato"]
[WhiteFideId "642908"]
[BlackFideId "3803457"]
[WhiteElo "2589"]
[BlackElo "2577"]
[Result "1/2-1/2"]
[Round "10"]
[TimeControl "180+1"]
[Date "2022.06.07"]
[WhiteClock "0:00:07"]
[BlackClock "0:00:03"]

1. e4 g6 2. d4 Bg7 3. Nc3 c6 4. Nf3 d5 5. Bd3 Nh6 6. O-O f6 7. Re1 Nf7 8. h3 O-O 9. Bf4 e5 10. dxe5 fxe5 11. Bg3 d4 12. Nb1 Be6 13. Nbd2 c5 14. Bc4 Qd7 15. a4 Nc6 16. Qe2 Rad8 17. Bxe6 Qxe6 18. Qc4 Qxc4 19. Nxc4 g5 20. c3 Rfe8 21. a5 h6 22. Ra3 Nd6 23. Nfd2 Nb5 24. Rb3 a6 25. Ra1 Re7 26. Kf1 Kh7 27. Ke1 Kg6 28. f3 h5 29. Nb6 Rf7 30. Nd5 Ne7 31. c4 Nd6 32. Rb6 Nc8 33. Rb3 Ne7 34. Ra4 Nc6 35. Rb6 Nc8 36. Rb3 Bh6 37. Rd3 Re8 38. Nb3 Bf8 39. Nc1 Bd6 40. Rb3 Ref8 41. Nd3 g4 42. hxg4 hxg4 43. fxg4 Kg5 44. Nf2 Nb4 45. Nxb4 cxb4 46. Ke2 Na7 47. Ra1 Rh7 48. Rf3 Rxf3 49. Kxf3 Nc6 50. b3 Rf7+ 51. Ke2 Bc7 52. Rh1 Nxa5 53. Rh5+ Kg6 54. Nd3 Nxb3 55. Bxe5 a5 56. Bxc7 Rxc7 57. Rb5 Kg7 58. Nf4 Rxc4 59. Rxb7+ Kf6 60. Nd5+ Ke5 61. Re7+ Kd6 62. Kd3 Rc1 63. Ra7 Ke5 64. Re7+ Kd6 65. Ra7 Ra1 66. Nb6 Nc5+ 67. Kxd4 Kc6 68. Nd5 Ne6+ 69. Ke5 Nc5 70. g5 Kb5 71. g6 Rg1 72. Nf4 Rd1 73. Ra8 Rd7 74. Kf6 Rd6+ 75. Kf5 Rd7 76. e5 Kc4 77. e6 Rb7 78. Kf6 Ne4+ 79. Ke5 b3 80. Rc8+ Nc5 81. g7 Rxg7 82. Rb8 a4 83. g4 Rg5+ 84. Kf6 Rxg4 85. Kf5 Rxf4+ 86. Kxf4 Nxe6+ 87. Ke3 Nc5 88. Kd2 a3 89. Kc1 Nd3+ 90. Kb1 Nb4 91. Rc8+ Kd4 92. Rd8+ Kc5 93. Rc8+ Kb5 94. Rb8+ Kc4 95. Rc8+ Kd4 96. Rd8+ Nd5 97. Rb8 Kc4 98. Rc8+ Kd3 99. Rb8 Nc3+ 100. Ka1 Kc2 101. Rxb3 Kxb3 1/2-1/2


[Site "https://www.chess.com"]

[Event "Titled Tuesday Blitz June 07 Late 2022"]
[White "Nakamura, Hikaru"]
[Black "Svane, Frederik"]
[WhiteFideId "2016192"]
[BlackFideId "12923044"]
[WhiteElo "2850"]
[BlackElo "2459"]
[Result "1-0"]
[Round "10"]
[TimeControl "180+1"]
[Date "2022.06.07"]
[WhiteClock "0:01:49"]
[BlackClock "0:00:03"]

1. Nf3 c5 2. b3 Nc6 3. Bb2 d6 4. d4 cxd4 5. Nxd4 Nf6 6. Nxc6 bxc6 7. e3 e5 8. Be2 Be7 9. c4 O-O 10. O-O Qc7 11. Nc3 Be6 12. Rc1 Rfd8 13. Nd5 Qb7 14. Nxe7+ Qxe7 15. Qc2 Qc7 16. Rfd1 Rab8 17. h3 h6 18. Bf3 c5 19. Rd2 Rd7 20. Bc3 Rbd8 21. Rcd1 Re8 22. Qb2 Rb8 23. Qa3 Qb6 24. Qa5 Kf8 25. Qa4 Rc8 26. Kh1 Ke7 27. Ba5 Qb8 28. Bc6 Bf5 29. f3 e4 30. f4 h5 31. Bxd7 Bxd7 32. Qa3 Rc6 33. Bc3 Ne8 34. Qb2 1-0


[Site "https://www.chess.com"]